 Dungeon Crawl Stone Soup version 0.27.1 (webtiles) character file.

Game seed: 4273810652210149035

252 Descartes the Vexing (level 5, -1/25 (28) HPs)
             Began as a Deep Elf Wanderer on Sept 4, 2021.
             Slain by a phantom (7 damage)
             ... on level 4 of the Dungeon.
             The game lasted 00:15:39 (5415 turns).

Descartes the Vexing (Deep Elf Wanderer)            Turns: 5415, Time: 00:15:40

HP:   -1/25 (28)    AC:  6    Str: 11 (12) XL:     5   Next: 89%
MP:   7/10          EV: 12    Int: 17      God:
Gold: 139           SH:  0    Dex: 14      Spells: 3/8 levels left

rFire    + . .     SeeInvis .   a - +2 dagger
rCold    + . .     Faith    .   (no shield)
rNeg     . . .     Spirit   .   g - +3 leather armour
rPois    .         Reflect  .   (helmet restricted)
rElec    +         Harm     .   h - scarf {rC+ rF+}
rCorr    .         Rampage  .   (no gloves)
Will     .....                  (no boots)
Stlth    ++........             (no amulet)
HPRegen  0.08/turn              (no ring)
MPRegen  0.12/turn              (no ring)

@: heavily drained
A: beak, deterioration 1, electricity resistance, strong 1, evolution 1
a: no special abilities


You were on level 4 of the Dungeon.
You visited 1 branch of the dungeon, and saw 4 of its levels.

You collected 139 gold pieces.

Inventory:

Hand Weapons
 a - a +2 dagger (weapon)
 f - a +0 hunting sling
Missiles
 c - 24 arrows
 e - 8 sling bullets
 k - 76 stones (quivered)
 l - 8 javelins
Armour
 g - a +3 leather armour (worn)
 h - a scarf of resistance (worn)
 o - a +1 cloak
Magical Staves
 j - a staff of death
Scrolls
 b - a scroll of vulnerability {unknown}
 d - a scroll of noise {unknown}
 p - 2 scrolls of fear
Potions
 m - a potion of mutation


   Skills:
 + Level 2.5 Dodging
 - Level 3.0 Stealth
 - Level 2.0 Spellcasting
 + Level 2.6 Conjurations
 - Level 4.0 Hexes
 - Level 1.1 Translocations
 + Level 3.6 Transmutations
 + Level 1.9 Fire Magic
 + Level 3.1 Poison Magic


You had 3 spell levels left.
You knew the following spells:

 Your Spells              Type           Power      Damage    Failure   Level
a - Sting                 Tmut/Pois      52%        1d5       6%          1
b - Magic Dart            Conj           40%        1d5       9%          1
c - Ignite Poison         Fire/Tmut/Pois 11%        N/A       24%         3

Your spell library contained the following spells:

 Spells                   Type           Power      Damage    Failure   Level
 Mephitic Cloud           Conj/Pois/Air  8%         N/A       34%         3


Dungeon Overview and Level Annotations

Branches:
Dungeon (4/15)
 Temple: D:4-7

Altars:
Hepliaklqana
Kikubaaqudgha


Innate Abilities, Weirdness & Mutations

You have a beak for a mouth.
Your body sometimes deteriorates upon taking damage.
You are resistant to electric shocks. (rElec)
Your muscles are strong. (Str +2)
You evolve.


Message History

You hit the phantom but do no damage.
The phantom is moderately damaged.
The phantom hits you but does no damage.
You hit the phantom but do no damage. Your peck misses the phantom.
The phantom is moderately damaged.
The phantom hits you.
The phantom blinks!
You blink.
Your magical contamination has completely faded away.
You barely miss the phantom. Your peck misses the phantom.
The phantom is moderately damaged.
The phantom closely misses you.
You hit the phantom.
The phantom is moderately damaged.
The phantom hits you but does no damage.
You barely miss the phantom.
The phantom is moderately damaged.
The phantom hits you.
Found a stone staircase leading down.
There is a stone staircase leading up, spattered with blood here.
You hit the phantom.
The phantom is heavily damaged.
The phantom hits you.
You hit the phantom. You peck the phantom, but do no damage.
The phantom is heavily damaged.
The phantom hits you.
* * * LOW HITPOINT WARNING * * *
The phantom blinks!
You blink.
There is a stone staircase leading up, spattered with blood here.
You closely miss the phantom.
The phantom is heavily damaged.
The phantom misses you.
You hit the phantom. Your peck misses the phantom.
The phantom is heavily damaged.
The phantom barely misses you.
You hit the phantom. You peck the phantom.
The phantom is heavily damaged.
The phantom closely misses you.
You hit the phantom but do no damage. You peck the phantom, but do no damage.
The phantom is heavily damaged.
The phantom hits you!
You die...

# #.#.##....### ...
######..##.###
....###..#....##..#
.............###..##
#####...#..........#
#....###.#..##.......
#..#####...####......#
#... #...W...# ......#
.... ##.#@..## #......
.##. #..#...# ......
#. ....... ......
#..#........ ##.#
...#.......# ...
##......# ... #......#
... <......


You could see a phantom.

Vanquished Creatures
  2 vampire bats (D:3)
  An orc priest (D:3)
  A scorpion zombie (D:3)
  An orc wizard (D:3)
  2 adders
  A worm (D:1)
  A dart slug (D:3)
  4 orcs (D:3)
  4 bats
  6 bat skeletons (D:3)
  6 endoplasms
  2 giant cockroaches
  5 goblins
  9 hobgoblins
  3 kobolds
  5 quokkas
  A ball python (D:2)
  4 frilled lizards
  6 rats
64 creatures vanquished.

Notes
Turn   | Place    | Note
-------+----------+-------------------------------------------
     0 | D:1      | Descartes the Deep Elf Wanderer began the quest for the
                  | Orb.
     0 | D:1      | Descartes set off with the following items: a +2 dagger, a
                  | potion of haste, a +0 robe; and the following spells
                  | available to memorise: Sting, Magic Dart, Ignite Poison,
                  | Mephitic Cloud
     0 | D:1      | Reached XP level 1. HP: 10/10 MP: 5/5
     2 | D:1      | Learned a level 1 spell: Sting
     4 | D:1      | Learned a level 1 spell: Magic Dart
   240 | D:1      | Found a faded altar of an unknown god.
   421 | D:1      | Reached XP level 2. HP: 15/15 MP: 0/6
   527 | D:1      | You fall into a shaft and drop 1 floor!
   548 | D:2      | You fall into a shaft and drop 1 floor!
   878 | D:2      | Found a hazy altar of Hepliaklqana.
   914 | D:2      | Reached skill level 1 in Conjurations
  1385 | D:1      | Reached XP level 3. HP: 19/19 MP: 3/8
  2785 | D:2      | Gained mutation: Your body sometimes deteriorates upon
                  | taking damage. [potion of mutation]
  2785 | D:2      | Gained mutation: You evolve. [potion of mutation]
  2785 | D:2      | Gained mutation: Your muscles are strong. (Str +2) [potion
                  | of mutation]
  2785 | D:2      | Gained mutation: You have a beak for a mouth. [potion of
                  | mutation]
  3175 | D:1      | Gained mutation: You are resistant to electric shocks.
                  | (rElec) [evolution]
  3307 | D:2      | Reached skill level 1 in Dodging
  3630 | D:3      | Reached XP level 4. HP: 22/24 MP: 1/9
  3937 | D:3      | Learned a level 3 spell: Ignite Poison
  4465 | D:3      | Reached skill level 1 in Fire Magic
  4550 | D:3      | Found an ancient bone altar of Kikubaaqudgha.
  4580 | D:3      | Reached XP level 5. HP: 18/28 MP: 8/10
  5145 | D:4      | Noticed a necrophage
  5360 | D:4      | Noticed a phantom
  5415 | D:4      | Slain by a phantom

Illustrated notes

Levels and vault maps discovered:
D:1:      dpeg_arrival_line_fractal, layout_loops_ring,
          shapermc_ecumenical_altar_venn
D:2:      layout_basic, basic_altar
D:3:      layout_rooms, kennysheep_vampire_church
D:4:      layout_cave_pools, mainiacjoe_overflow_alcove_1,
          gammafunk_temple_overflow_arena, minmay_temple_entry_steel_oval,
          serial_shops, nicolae_shop_overgrown_old_shop

Skill      XL: |  1  2  3  4  5 |
---------------+----------------+-----
Spellcasting   | 2 |  2.0
Conjurations   | 1 2 |  2.6
Stealth        | 3 |  3.0
Poison Magic   | 2 3 |  3.1
Dodging        | 1 2 |  2.5
Transmutations | 3 |  3.6
Fire Magic     | 1 |  1.9
Hexes          | |  4.0
Translocations | |  1.1

Action                   |  1- 3 |  4- 6 || total
-------------------------+-------+-------++-------
Melee: Dagger            |    21 |    88 ||   109
       Peck              |       |     9 ||     9
 Cast: Magic Dart        |    98 |    66 ||   164
       Sting             |    52 |    10 ||    62
  Use: Potion            |     4 |     2 ||     6
       Scroll            |     1 |     1 ||     2
 Stab: Sleeping          |     1 |       ||     1
Armor: Robe              |    10 |       ||    10
       Leather armour    |       |   113 ||   113
Dodge: Dodged            |    44 |   110 ||   154
